[Event "Titled Tuesday Blitz March 28 Late 2023"]
[White "Mendonca, Leon Luke"]
[Black "Krishnan, Varun"]
[WhiteFideId "35028561"]
[BlackFideId "5054508"]
[WhiteElo "2464"]
[BlackElo "2527"]
[Result "1-0"]
[Round "02"]
[TimeControl "180+2"]
[Date "2023.03.28"]
[WhiteClock "0:00:28"]
[BlackClock "0:00:06"]

1. e4 c5 2. Nf3 d6 3. Bb5+ Bd7 4. Bxd7+ Qxd7 5. c4 Nc6 6. Nc3 Nf6 7. d4 cxd4 8. Nxd4 g6 9. f3 Bg7 10. Be3 O-O 11. O-O a6 12. Rc1 Nxd4 13. Bxd4 b5 14. c5 dxc5 15. Bxc5 Qe6 16. Qb3 Qe5 17. Be3 Rfd8 18. Rfd1 Qh5 19. Qa3 e6 20. Rxd8+ Rxd8 21. Qxa6 Bh6 22. Qb6 Rd3 23. Bxh6 Qxh6 24. Re1 Qd2 25. Rd1 Qc2 26. Rxd3 Qxd3 27. Qxb5 Qe3+ 28. Kf1 Nh5 29. Ne2 g5 30. Qb8+ Kg7 31. Qb3 Qd2 32. Qc3+ Qxc3 33. Nxc3 Nf4 34. g3 Nd3 35. b3 Nc1 36. Ke1 Kf6 37. Kd2 1-0


[Site "https://www.chess.com"]

[Event "Titled Tuesday Blitz March 28 Late 2023"]
[White "Remolar Gallen, Jose"]
[Black "Idani, Pouya"]
[WhiteFideId "2215187"]
[BlackFideId "12510130"]
[WhiteElo "2223"]
[BlackElo "2574"]
[Result "1-0"]
[Round "02"]
[TimeControl "180+2"]
[Date "2023.03.28"]
[WhiteClock "0:00:09"]
[BlackClock "0:00:17"]

1. e4 c6 2. d4 d5 3. e5 Bf5 4. g4 Bd7 5. f4 e6 6. Nf3 c5 7. c3 h5 8. g5 Ne7 9. Bd3 Nf5 10. Bxf5 exf5 11. Be3 cxd4 12. Bxd4 Nc6 13. Nbd2 Be6 14. Nb3 g6 15. Qe2 Be7 16. Bc5 O-O 17. Bxe7 Qxe7 18. O-O d4 19. Nbxd4 Bd5 20. Rfe1 Nxd4 21. Nxd4 Rac8 22. Rad1 Be4 23. Nb5 Qc5+ 24. Kf1 Bc6 25. Nd6 Rcd8 26. Qe3 Qa5 27. e6 Rxd6 28. Rxd6 Qb5+ 29. Kg1 Qxb2 30. exf7+ Kh7 31. Rd2 Qa3 32. Qe7 Qxe7 33. Rxe7 Kg7 34. Kf2 Rc8 35. Rd6 Be4 36. Ree6 Rxc3 37. Rxg6+ Kxf7 38. Rdf6+ Ke7 39. Rg7+ Ke8 40. Rg8+ Ke7 41. Rg7+ Ke8 42. g6 Rf3+ 43. Ke2 Rxf4 44. Re6+ Kf8 45. Rf7+ Kg8 46. Re8# 1-0


[Site "https://www.chess.com"]

[Event "Titled Tuesday Blitz March 28 Late 2023"]
[White "Dauner, Benedikt"]
[Black "Holt, Conrad"]
[WhiteFideId "16225899"]
[BlackFideId "2034387"]
[WhiteElo "2205"]
[BlackElo "2592"]
[Result "0-1"]
[Round "02"]
[TimeControl "180+2"]
[Date "2023.03.28"]
[WhiteClock "0:00:03"]
[BlackClock "0:00:13"]

1. e4 e6 2. d4 d5 3. e5 c5 4. c3 Nc6 5. Nf3 Bd7 6. Be2 f6 7. O-O fxe5 8. dxe5 Qc7 9. Bf4 Nh6 10. Na3 a6 11. Re1 Nf7 12. Bf1 Be7 13. c4 d4 14. Nc2 g5 15. Bg3 h5 16. h4 gxh4 17. Nxh4 Bxh4 18. Bxh4 Ncxe5 19. b4 Rg8 20. bxc5 Ba4 21. Rc1 Rg4 22. Bf6 Qxc5 23. Be2 Rf4 24. Bxe5 Nxe5 25. Bxh5+ Ke7 26. Qe2 d3 27. Qxe5 Qxf2+ 28. Kh1 Rh4+ 29. Qh2 Rxh2+ 30. Kxh2 Rh8 31. Re5 Qf4+ 0-1


[Site "https://www.chess.com"]

[Event "Titled Tuesday Blitz March 28 Late 2023"]
[White "Miszler, Levente"]
[Black "Aradhya, Garg"]
[WhiteFideId "763276"]
[BlackFideId "25006746"]
[WhiteElo "2176"]
[BlackElo "2263"]
[Result "0-1"]
[Round "02"]
[TimeControl "180+2"]
[Date "2023.03.28"]
[WhiteClock "0:01:09"]
[BlackClock "0:00:26"]

1. e4 e5 2. Nf3 Nc6 3. Bc4 Nf6 4. Ng5 d5 5. exd5 b5 6. Bxb5 Qxd5 7. Bf1 Bc5 8. Nc3 Qd4 9. Qe2 Bg4 10. f3 Bf5 11. Nge4 O-O 12. d3 Nxe4 13. fxe4 Be6 14. Bd2 Rab8 15. Rb1 Nb4 16. Kd1 Nxa2 17. Nxa2 Bxa2 18. Bc3 Qd6 19. Ra1 Be6 20. g3 Rfd8 21. Bg2 Bd4 22. Kd2 Rxb2 23. Bxb2 Qb4+ 24. Kd1 Bxb2 25. Rxa7 Bc3 26. Qe3 Qb1+ 27. Ke2 Qxc2+ 28. Kf3 Bd4 29. Rc1 Bxe3 30. Rxc2 Bxa7 31. Rxc7 Rxd3+ 32. Ke2 Ra3 33. Bf3 g6 0-1


[Site "https://www.chess.com"]

[Event "Titled Tuesday Blitz March 28 Late 2023"]
[White "Krallis, Christos"]
[Black "Mackster23"]
[WhiteFideId "4298896"]
[WhiteElo "2243"]
[BlackElo "2475"]
[Result "1-0"]
[Round "02"]
[TimeControl "180+2"]
[Date "2023.03.28"]
[WhiteClock "0:00:42"]
[BlackClock "0:00:12"]

1. b3 e5 2. Bb2 Nc6 3. g3 Nf6 4. Bg2 d5 5. d3 Bb4+ 6. Nd2 O-O 7. a3 Bc5 8. e3 a5 9. Ne2 Ba7 10. Nf3 Re8 11. O-O Bg4 12. h3 Bh5 13. Nh4 Qd7 14. g4 Nxg4 15. Ng3 Nxe3 16. Qxh5 Nxf1 17. Rxf1 g6 18. Qh6 f6 19. Nxg6 hxg6 20. Qxg6+ Qg7 21. Bxd5+ Kf8 22. Qxg7+ Kxg7 23. Nf5+ Kg6 24. Be4 Kf7 25. Kg2 Nd4 26. Bxd4 Bxd4 27. Bxb7 Rab8 28. Bd5+ Kg6 29. Be4 Kf7 30. Kf3 Rh8 31. h4 Ke6 32. h5 Rbg8 33. Nxd4+ exd4 34. Bg6 Rd8 35. Re1+ Kd6 36. Kf4 c5 37. Kf5 Rdf8 38. Re6+ Kd7 39. Rxf6 Rxf6+ 40. Kxf6 Rf8+ 41. Kg7 Rxf2 42. h6 Rxc2 43. h7 Rh2 44. h8=Q Rxh8 45. Kxh8 Kc6 46. Bf7 Kd6 47. Bc4 Ke5 48. a4 Kf4 49. Kg8 Ke3 50. Kf7 Kd2 51. Ke6 Kc3 52. Kd5 Kb4 53. Kc6 Kc3 54. Kxc5 Kb2 55. Kxd4 Ka3 56. Kc3 1-0


[Site "https://www.chess.com"]

[Event "Titled Tuesday Blitz March 28 Late 2023"]
[White "Baches Garcia, Guillermo"]
[Black "Horvath, Dominik"]
[WhiteFideId "2209764"]
[BlackFideId "1642561"]
[WhiteElo "2472"]
[BlackElo "2407"]
[Result "1/2-1/2"]
[Round "02"]
[TimeControl "180+2"]
[Date "2023.03.28"]
[WhiteClock "0:00:17"]
[BlackClock "0:01:22"]

1. e4 c5 2. Nf3 d6 3. d4 cxd4 4. Nxd4 Nf6 5. Nc3 a6 6. Be3 Ng4 7. Bc1 Nf6 8. Be3 e5 9. Nb3 Be6 10. f3 Nbd7 11. g4 Be7 12. Qd2 a5 13. a4 Rc8 14. O-O-O O-O 15. Kb1 h5 16. h3 h4 17. Bb5 Nb8 18. Rhg1 Nc6 19. g5 Nh5 20. g6 f5 21. Nd5 Nb4 22. Bb6 Bxd5 23. Bxd8 Bxb3 24. cxb3 Rfxd8 25. Bc4+ Kf8 26. Rg5 Bxg5 27. Qxg5 Nf6 28. Qxh4 d5 29. Qh8+ Ng8 30. Bxd5 Nxd5 31. Rxd5 Rxd5 32. exd5 Rd8 33. Qh5 Ne7 34. Qh8+ Ng8 35. Qh5 Ne7 36. Qh8+ Ng8 1/2-1/2


[Site "https://www.chess.com"]

[Event "Titled Tuesday Blitz March 28 Late 2023"]
[White "Flores, Diego"]
[Black "Olsson, William"]
[WhiteFideId "108049"]
[BlackFideId "1741721"]
[WhiteElo "2606"]
[BlackElo "2197"]
[Result "0-1"]
[Round "02"]
[TimeControl "180+2"]
[Date "2023.03.28"]
[WhiteClock "0:00:04"]
[BlackClock "0:01:08"]

1. c4 c5 2. g3 Nc6 3. Bg2 g6 4. Nc3 Bg7 5. d3 e6 6. Bxc6 bxc6 7. Qd2 Ne7 8. b3 O-O 9. Bb2 e5 10. O-O-O a5 11. Na4 d6 12. f4 Nf5 13. Nf3 Nd4 14. fxe5 dxe5 15. Nxc5 Bg4 16. Rdf1 Qe7 17. Na4 Rfd8 18. Nxd4 exd4 19. Rf2 Bf6 20. Kb1 Bg5 21. Qc2 Be3 22. Rff1 Bh3 23. Rf3 Bg2 24. Rxe3 Qxe3 25. Re1 Qf2 26. Qd2 Re8 27. Nb6 Rad8 28. c5 Bf3 29. Rc1 Rxe2 0-1


[Site "https://www.chess.com"]

[Event "Titled Tuesday Blitz March 28 Late 2023"]
[White "Hambleton, Aman"]
[Black "Kozin, Yuri"]
[WhiteFideId "2606577"]
[BlackFideId "4129920"]
[WhiteElo "2511"]
[BlackElo "2453"]
[Result "1-0"]
[Round "02"]
[TimeControl "180+2"]
[Date "2023.03.28"]
[WhiteClock "0:00:05"]
[BlackClock "0:00:02"]

1. d4 d5 2. Bf4 Nf6 3. e3 e6 4. Nd2 Bd6 5. Ngf3 Bxf4 6. exf4 O-O 7. Bd3 b6 8. Qe2 a5 9. O-O Ba6 10. Bxa6 Nxa6 11. c3 c5 12. g3 cxd4 13. Nxd4 Nc5 14. Rfe1 Nce4 15. N2f3 g6 16. Kg2 Qc7 17. Ne5 Nd7 18. Nec6 Rfe8 19. Rad1 Nb8 20. Ne5 Nd7 21. Nb5 Qd8 22. f3 Nxe5 23. fxe5 Nc5 24. c4 Qg5 25. f4 Qe7 26. Nd6 Red8 27. cxd5 exd5 28. Rxd5 Ne6 29. Red1 Qc7 30. f5 Ng7 31. g4 Qc6 32. Qf3 Rf8 33. Ne4 Kh8 34. Nf6 Qc2+ 35. R1d2 Qb1 36. Rf2 Rac8 37. Qh3 h5 38. gxh5 gxh5 39. Rd4 1-0


[Site "https://www.chess.com"]

[Event "Titled Tuesday Blitz March 28 Late 2023"]
[White "Grave, Jacob Templen"]
[Black "Klekowski, Maciej"]
[WhiteFideId "1542656"]
[BlackFideId "1132717"]
[WhiteElo "2179"]
[BlackElo "2540"]
[Result "1-0"]
[Round "02"]
[TimeControl "180+2"]
[Date "2023.03.28"]
[WhiteClock "0:00:06"]
[BlackClock "0:00:07"]

1. d4 Nf6 2. c4 g6 3. Nc3 Bg7 4. e3 d6 5. Nf3 O-O 6. Be2 Nc6 7. O-O e5 8. Re1 Re8 9. d5 Ne7 10. e4 Nd7 11. Be3 h6 12. Nd2 f5 13. f3 f4 14. Bf2 g5 15. b4 c5 16. Nb5 Qb6 17. bxc5 dxc5 18. d6 Ng6 19. Nc7 Rf8 20. Nxa8 Qxd6 21. Nb3 Qb8 22. Nxc5 Nxc5 23. Bxc5 Re8 24. Qa4 Be6 25. Qxa7 Qxa7 26. Bxa7 Rxa8 27. Bb6 Nf8 28. Reb1 Bd7 29. c5 Ne6 30. Bc4 Kh7 31. Bxe6 Bxe6 32. a4 Bf8 33. a5 Bc4 34. Rd1 Bb5 35. Rab1 Bc6 36. Rbc1 Be7 37. Kf2 Kg7 38. h3 Kf6 39. Rd2 Ke6 40. Rcd1 Ba4 41. Ra1 Bb5 42. Rb1 Bc6 43. Rc1 Bb5 44. Bc7 Bc6 45. Rb2 Rc8 46. Bd6 Bd8 47. Ra1 Ra8 48. Rba2 Ra6 49. Ke1 h5 50. Kd2 g4 51. hxg4 hxg4 52. Kc3 Ra8 53. Kb4 Bh4 54. Rh1 Bf6 55. Rh6 g3 56. Ra1 Kf7 57. Rah1 Bd8 58. Rh7+ Kg6 59. R1h6+ Kg5 60. Re6 Bxa5+ 61. Kc4 Bd2 62. Be7# 1-0


[Site "https://www.chess.com"]

[Event "Titled Tuesday Blitz March 28 Late 2023"]
[White "Mekhane, Adam"]
[Black "Horton, Andrew P"]
[WhiteFideId "36050601"]
[BlackFideId "424269"]
[WhiteElo "2177"]
[BlackElo "2401"]
[Result "0-1"]
[Round "02"]
[TimeControl "180+2"]
[Date "2023.03.28"]
[WhiteClock "0:00:03"]
[BlackClock "0:00:13"]

1. e4 e5 2. Nf3 Nc6 3. Bb5 a6 4. Ba4 d6 5. O-O Bd7 6. d4 Nf6 7. Re1 exd4 8. Nxd4 Nxd4 9. Bxd7+ Nxd7 10. Qxd4 Qf6 11. Be3 Be7 12. Nc3 Qxd4 13. Bxd4 O-O 14. Nd5 Bd8 15. Rad1 Re8 16. a4 Rc8 17. g3 Re6 18. Nf4 Re8 19. Nd5 Nf8 20. Kg2 Ne6 21. Be3 Be7 22. h4 h5 23. c3 Bf8 24. a5 Rcd8 25. f4 Rd7 26. Kf3 Nd8 27. Bd4 Nc6 28. b4 Ne7 29. Nxe7+ Bxe7 30. e5 Red8 31. exd6 Bxd6 32. Bf2 f6 33. Rd3 Kf7 34. Red1 Ke6 35. Ke4 f5+ 36. Kf3 g6 37. Bd4 Be7 38. Re3+ Kf7 39. Rde1 Bf8 40. Re6 Rd6 41. Rxd6 Bxd6 42. Be5 Re8 43. Re3 Rd8 44. Rd3 Ke6 45. Bxd6 Rxd6 46. Re3+ Kd7 47. Ke2 Rc6 48. Kd3 b6 49. Re5 Rd6+ 50. Ke3 Rd1 51. Ke2 Rg1 52. Re3 Ra1 53. axb6 cxb6 54. Rd3+ Ke7 55. Re3+ Kf7 56. Rd3 a5 57. bxa5 bxa5 58. Rd6 Ra2+ 59. Kf3 Rc2 60. Rc6 a4 61. Ke3 a3 62. Kd3 Rg2 63. Ra6 Rxg3+ 64. Kd4 Rf3 65. Rxa3 Rxf4+ 66. Ke5 Re4+ 67. Kd5 Rxh4 68. Ra7+ Kf6 69. c4 Rh1 70. c5 Rd1+ 71. Kc6 h4 72. Kb7 Rb1+ 73. Kc7 Rc1 74. c6 Kg5 75. Kd7 Kg4 76. c7 h3 77. Ra6 Rxc7+ 78. Kxc7 g5 79. Rh6 Kg3 80. Kd6 f4 81. Ke5 f3 82. Ke4 f2 83. Rh5 f1=Q 84. Rxg5+ Kh4 85. Rf5 Qxf5+ 86. Kxf5 Kg3 0-1


[Site "https://www.chess.com"]

[Event "Titled Tuesday Blitz March 28 Late 2023"]
[White "Lorenzo De La Riva, Lazaro"]
[Black "Veiga, Jose Francisco R P Neves"]
[WhiteFideId "2268809"]
[BlackFideId "1930087"]
[WhiteElo "2294"]
[BlackElo "2320"]
[Result "1/2-1/2"]
[Round "02"]
[TimeControl "180+2"]
[Date "2023.03.28"]
[WhiteClock "0:00:18"]
[BlackClock "0:00:27"]

1. d4 Nf6 2. Nf3 g6 3. Bf4 Bg7 4. e3 O-O 5. Be2 d6 6. h3 b6 7. a4 a6 8. O-O Bb7 9. c4 c5 10. d5 Nh5 11. Nc3 Nxf4 12. exf4 e6 13. Qd2 exd5 14. Nxd5 Nc6 15. Rad1 Re8 16. Rfe1 Nd4 17. Nxd4 Bxd4 18. Bf3 Bxd5 19. Bxd5 Ra7 20. Rxe8+ Qxe8 21. Re1 Re7 22. Rxe7 Qxe7 23. b3 Kg7 24. g3 h5 25. h4 Qe8 26. Kg2 b5 27. cxb5 axb5 28. a5 Qd8 29. f5 b4 30. fxg6 fxg6 31. a6 Qa5 32. Qf4 Qxa6 33. Qf7+ Kh6 34. Qf4+ Kg7 35. Qf7+ Kh6 36. Be4 d5 37. Bxd5 Qe2 38. Qf4+ Kg7 39. Qf7+ Kh6 40. Qf4+ Kh7 41. Qf7+ Bg7 42. Bc4 Qd2 43. Qf3 Qc3 44. Bd3 Kh6 45. Qe4 Qf6 46. f4 Kh7 47. f5 gxf5 48. Qxf5+ Qxf5 49. Bxf5+ Kh6 50. Kf3 Bd4 51. g4 hxg4+ 52. Kxg4 Kg7 53. Be6 Kf6 54. Bc4 Be3 55. h5 Bh6 56. Bd5 Bc1 57. Bc4 Bh6 58. Bg8 Bc1 59. Bc4 Bh6 1/2-1/2


[Site "https://www.chess.com"]

[Event "Titled Tuesday Blitz March 28 Late 2023"]
[White "Zavortink, Matt"]
[Black "Herrera Reyes, Jose Antonio"]
[WhiteFideId "2034263"]
[BlackFideId "2274914"]
[WhiteElo "2406"]
[BlackElo "2273"]
[Result "0-1"]
[Round "02"]
[TimeControl "180+2"]
[Date "2023.03.28"]
[WhiteClock "0:00:16"]
[BlackClock "0:00:58"]

1. c4 Nf6 2. Nc3 c5 3. Nf3 b6 4. d4 cxd4 5. Nxd4 Bb7 6. f3 e6 7. e4 Be7 8. Be3 O-O 9. Be2 a6 10. O-O Qc7 11. Rc1 d6 12. Qd2 Nbd7 13. Kh1 Rac8 14. a3 Qb8 15. b4 Rfe8 16. Rfd1 Bf8 17. Bf2 Ne5 18. Na4 Ned7 19. Rc2 d5 20. cxd5 Rxc2 21. Qxc2 exd5 22. exd5 Nxd5 23. Bd3 N7f6 24. Nf5 Rc8 25. Qd2 Nf4 26. Bg3 N6h5 27. Nxb6 Rd8 28. Nh6+ gxh6 29. Bxh7+ Kxh7 30. Qxd8 Qe5 31. Qxf8 Qe2 32. Qxf7+ Ng7 33. Rg1 Nxg2 34. Rxg2 Qf1+ 35. Rg1 Bxf3+ 36. Qxf3 Qxf3+ 37. Rg2 Nf5 38. Nc4 Qf1+ 39. Rg1 Qxc4 0-1


[Site "https://www.chess.com"]

[Event "Titled Tuesday Blitz March 28 Late 2023"]
[White "Buchenau, Frank"]
[Black "Lamard, Guillaume"]
[WhiteFideId "4604350"]
[BlackFideId "600261"]
[WhiteElo "2157"]
[BlackElo "2413"]
[Result "0-1"]
[Round "02"]
[TimeControl "180+2"]
[Date "2023.03.28"]
[WhiteClock "0:00:02"]
[BlackClock "0:00:17"]

1. e4 c6 2. Nf3 d5 3. Nc3 Bg4 4. d4 Nf6 5. h3 Bxf3 6. Qxf3 e6 7. a3 dxe4 8. Qe3 g6 9. Nxe4 Nxe4 10. Qxe4 Bg7 11. Be3 Qd5 12. Qxd5 cxd5 13. c4 dxc4 14. Bxc4 O-O 15. O-O Nc6 16. d5 Na5 17. Ba2 exd5 18. Bxd5 Rfd8 19. Bf3 Bxb2 20. Rab1 Bxa3 21. Ra1 Nc4 22. Bg5 Rd4 23. Bxb7 Rb8 24. Ba6 Bc5 25. Rfc1 Rb4 26. Be3 Nxe3 27. Rxc5 Nf5 28. Bf1 Rb7 29. Rca5 Rdd7 30. g3 Re7 31. Bg2 Rbc7 32. Ra6 Kg7 33. h4 h5 34. R1a2 Nd4 35. Kh2 Nf5 36. R6a5 Nd6 37. Ra6 Nc4 38. R6a4 Ne5 39. Bh1 Ng4+ 40. Kg2 Rc1 41. f3 Ne3+ 42. Kh2 Nf1+ 43. Kg2 Nxg3 44. Kxg3 Rxh1 45. Rxa7 Rg1+ 46. Kf2 Ree1 47. Re2 Ref1+ 48. Ke3 Rh1 0-1


[Site "https://www.chess.com"]

[Event "Titled Tuesday Blitz March 28 Late 2023"]
[White "Pasti, Aron"]
[Black "Levitskiy, Andrey"]
[WhiteFideId "785857"]
[BlackFideId "14132885"]
[WhiteElo "2173"]
[BlackElo "2335"]
[Result "1-0"]
[Round "02"]
[TimeControl "180+2"]
[Date "2023.03.28"]
[WhiteClock "0:00:10"]
[BlackClock "0:00:01"]

1. e4 e6 2. d4 d5 3. Nc3 Bb4 4. e5 c5 5. Bd2 Nh6 6. Nb5 Bxd2+ 7. Qxd2 O-O 8. dxc5 Nd7 9. Qc3 f6 10. exf6 Nxf6 11. Bd3 e5 12. Nd6 e4 13. Be2 b6 14. O-O-O bxc5 15. Qxc5 Be6 16. c4 Qe7 17. Nxe4 Qf7 18. Ng5 Qd7 19. Nxe6 Qxe6 20. cxd5 Qf5 21. Bd3 Rac8 22. Bxf5 Rxc5+ 23. Bc2 Rfc8 24. Rd2 Nxd5 25. Kb1 Nb4 26. Bb3+ Kf8 27. Nf3 Ng4 28. h3 Ne5 29. Nd4 Ke7 30. Re1 Kf6 31. f4 Ned3 32. Re6+ Kf7 33. Rc6+ Kf8 34. Ne6+ Ke7 35. Nxc5 Rxc6 36. Nxd3 Na6 37. Ne5 Rh6 38. Rd7+ Ke8 39. Rxa7 Nc5 40. Bf7+ Kd8 41. Bd5 Rd6 42. Nf7+ Ke8 43. Nxd6+ 1-0


[Site "https://www.chess.com"]

[Event "Titled Tuesday Blitz March 28 Late 2023"]
[White "Tilicheev, Viacheslav"]
[Black "Bochnicka, Vladimir"]
[WhiteFideId "24114928"]
[BlackFideId "14943450"]
[WhiteElo "2415"]
[BlackElo "2094"]
[Result "0-1"]
[Round "02"]
[TimeControl "180+2"]
[Date "2023.03.28"]
[WhiteClock "0:00:34"]
[BlackClock "0:00:08"]

1. e4 c5 2. Nf3 Nc6 3. d4 cxd4 4. Nxd4 e5 5. Nb5 d6 6. N1c3 a6 7. Na3 Be7 8. Nc4 b5 9. Ne3 Nf6 10. g3 O-O 11. Bg2 Rb8 12. O-O b4 13. Ncd5 Nxd5 14. Nxd5 Bg5 15. f4 exf4 16. gxf4 Bf6 17. Be3 Na5 18. Nxf6+ Qxf6 19. Bd4 Qh6 20. Kh1 Nc6 21. Rg1 Nxd4 22. Qxd4 Qxf4 23. Rad1 Be6 24. Qxd6 Qxd6 25. Rxd6 a5 26. Bf1 Rfc8 27. Bd3 a4 28. b3 a3 29. Kg2 Kf8 30. Kf3 Ke7 31. Rd4 g6 32. Ke3 Rc5 33. h4 Rh5 34. Rg5 Rxh4 35. Rb5 Rxb5 36. Bxb5 Rh2 37. Bd3 h5 38. Rxb4 h4 39. e5 h3 40. Rb7+ Kf8 41. Be4 g5 42. Ra7 g4 43. Kf4 Rf2+ 44. Kg3 Re2 45. Bc6 Re3+ 46. Kf4 Rc3 47. Be4 g3 48. Kg5 g2 49. Kf6 g1=Q 50. Ra8+ Rc8 0-1


[Site "https://www.chess.com"]

[Event "Titled Tuesday Blitz March 28 Late 2023"]
[White "Schmakel, Sam"]
[Black "Bouget, Alexandre"]
[WhiteFideId "2039311"]
[BlackFideId "681318"]
[WhiteElo "2356"]
[BlackElo "2177"]
[Result "1-0"]
[Round "02"]
[TimeControl "180+2"]
[Date "2023.03.28"]
[WhiteClock "0:01:44"]
[BlackClock "0:01:39"]

1. Nf3 d5 2. g3 Nc6 3. d4 Bg4 4. Bg2 Qd7 5. O-O O-O-O 6. c4 dxc4 7. Qa4 Kb8 8. Nc3 Nxd4 9. Qxc4 Nxf3+ 10. exf3 Bh3 11. Be3 Bxg2 12. Rfd1 Qe8 13. Rxd8+ Qxd8 14. Rd1 Qc8 15. Bxa7+ Kxa7 16. Qa4+ Kb8 17. Nb5 1-0


[Site "https://www.chess.com"]

[Event "Titled Tuesday Blitz March 28 Late 2023"]
[White "ArtemDyachuk"]
[Black "EREBUNI91"]
[WhiteElo "2384"]
[BlackElo "2708"]
[Result "0-1"]
[Round "02"]
[TimeControl "180+2"]
[Date "2023.03.28"]
[WhiteClock "0:00:02"]
[BlackClock "0:00:19"]

1. Nf3 d5 2. e3 Nf6 3. c4 e6 4. b3 b6 5. Bb2 Bb7 6. Nc3 Be7 7. Qc2 O-O 8. Be2 c5 9. cxd5 Nxd5 10. O-O Nc6 11. Rad1 Rc8 12. Qb1 Bf6 13. Ne4 Bxb2 14. Neg5 Nf6 15. Qxb2 h6 16. Nh3 Qe7 17. Nf4 e5 18. Nh3 Rfd8 19. Bc4 Rd7 20. Nh4 Rcd8 21. Nf5 Qf8 22. f4 Re8 23. fxe5 Nxe5 24. Bb5 Bc6 25. Bxc6 Nxc6 26. Nxh6+ gxh6 27. Qxf6 Ne5 28. d4 cxd4 29. exd4 Ng6 30. Rd3 Qg7 31. Qxg7+ Kxg7 32. Nf2 Red8 33. Rfd1 Nf4 34. R3d2 Rxd4 35. Rxd4 Rxd4 36. Kf1 Rxd1+ 37. Nxd1 Kf6 38. Nc3 Ke5 39. g3 Nd3 40. Ke2 Nb4 41. a3 Nc6 42. Ke3 Nd4 43. b4 Nc2+ 44. Kd3 Nxa3 45. b5 f5 46. Ke3 Nc4+ 47. Kd3 Nd6 48. Ke3 h5 49. h4 Ne4 50. Ne2 Nf6 51. Nf4 Ng4+ 52. Kf3 Nf6 53. Ng6+ Kd5 54. Kf4 Kc5 55. Kxf5 Ng8 56. Kg5 Kxb5 57. Kxh5 a5 58. Kg5 a4 59. Nf4 a3 60. Ne2 Kc4 61. Nc1 b5 62. h5 b4 63. h6 Nxh6 64. Kxh6 b3 65. g4 b2 0-1


[Site "https://www.chess.com"]

[Event "Titled Tuesday Blitz March 28 Late 2023"]
[White "Korchmar, Vasiliy"]
[Black "Xie, Bryan"]
[WhiteFideId "24131750"]
[BlackFideId "30941296"]
[WhiteElo "2370"]
[BlackElo "2033"]
[Result "1-0"]
[Round "02"]
[TimeControl "180+2"]
[Date "2023.03.28"]
[WhiteClock "0:00:06"]
[BlackClock "0:00:10"]

1. e4 c5 2. Nf3 e6 3. g3 Nc6 4. Bg2 Nf6 5. d3 d6 6. O-O Be7 7. Re1 e5 8. Nc3 O-O 9. Bg5 Be6 10. Bxf6 Bxf6 11. Nd2 Bg5 12. Nc4 a6 13. Rf1 b5 14. Ne3 Bxe3 15. fxe3 Rc8 16. Qh5 h6 17. Rf2 Qg5 18. Qe2 c4 19. Raf1 cxd3 20. cxd3 b4 21. Nd5 Bxd5 22. exd5 Ne7 23. d4 exd4 24. exd4 Nxd5 25. Re1 Nc7 26. Qc4 Ne6 27. Qxb4 d5 28. Qd2 Qg4 29. Bxd5 Qxd4 30. Bxe6 Qxd2 31. Bxf7+ Rxf7 32. Rxd2 Rfc7 33. Red1 Rc2 34. Kf2 Kf7 35. Ke3 Re8+ 36. Kd3 Rc7 37. Rf2+ Kg6 38. Rfd2 Rd8+ 39. Ke2 Re7+ 40. Kf2 Rf8+ 41. Kg2 Kg5 42. Rd5+ Kg6 43. Rd6+ Rf6 44. Rxf6+ Kxf6 45. Kf3 Rc7 46. Rd6+ Ke5 47. Rxa6 Rc2 48. Rb6 Rxh2 49. a4 Kd5 50. a5 Kc5 51. b4+ Kc4 52. a6 Ra2 53. b5 Kc5 54. Rb7 Ra3+ 55. Kg2 g5 56. a7 g4 57. b6 Ra2+ 58. Kf1 Kd4 59. Rb8 Ke3 60. Re8+ Kd3 61. a8=Q Rxa8 62. Rxa8 Ke3 63. Ra3+ 1-0


[Site "https://www.chess.com"]

[Event "Titled Tuesday Blitz March 28 Late 2023"]
[White "Todev, Simeon"]
[Black "Karthik Rajaa"]
[WhiteFideId "2925133"]
[BlackFideId "25035215"]
[WhiteElo "1938"]
[BlackElo "2215"]
[Result "0-1"]
[Round "02"]
[TimeControl "180+2"]
[Date "2023.03.28"]
[WhiteClock "0:00:04"]
[BlackClock "0:00:13"]

1. e4 c6 2. c4 d5 3. exd5 cxd5 4. Nc3 d4 5. Ne4 Nc6 6. Nf3 e5 7. d3 Bf5 8. Ng3 Bg6 9. h4 h6 10. Be2 Nf6 11. Bd2 a5 12. Qb3 Qc7 13. a3 Nd7 14. O-O-O Nc5 15. Qc2 a4 16. Ne1 Na5 17. Bxa5 Qxa5 18. Bg4 h5 19. Bf5 Bxf5 20. Nxf5 g6 21. Ng3 Bh6+ 22. Kb1 O-O 23. Qe2 Nb3 24. Nxh5 gxh5 25. Qxh5 Bg7 26. Rh3 e4 27. Qg4 Ra6 28. h5 Kh8 29. Nc2 exd3 30. Rdxd3 Nd2+ 31. Ka2 Nxc4 32. h6 Bf6 33. Rdf3 Ne5 34. Qe4 Nxf3 35. Rxf3 Rd6 36. Nb4 Qe5 37. Qg4 Qe6+ 38. Qxe6 Rxe6 39. Nd5 Be5 40. Rh3 Rd6 41. f4 Rxd5 42. fxe5 d3 0-1


[Site "https://www.chess.com"]

[Event "Titled Tuesday Blitz March 28 Late 2023"]
[White "Javakhadze, Zurab"]
[Black "Castella Garcia, Fausto"]
[WhiteFideId "13603647"]
[BlackFideId "3501922"]
[WhiteElo "2381"]
[BlackElo "2245"]
[Result "1-0"]
[Round "02"]
[TimeControl "180+2"]
[Date "2023.03.28"]
[WhiteClock "0:00:46"]
[BlackClock "0:00:14"]

1. Nf3 c5 2. c4 g6 3. Nc3 Bg7 4. g3 Nf6 5. Bg2 O-O 6. O-O Nc6 7. d4 cxd4 8. Nxd4 Qa5 9. Nb3 Qh5 10. c5 d6 11. cxd6 Rd8 12. e4 Bg4 13. f3 Rxd6 14. Qe1 Be6 15. Bf4 Rdd8 16. g4 Bxg4 17. fxg4 Nxg4 18. h3 Nge5 19. Qg3 Rd3 20. Qf2 Rad8 21. Nd5 e6 22. Bxe5 Nxe5 23. Nf6+ Bxf6 24. Qxf6 R8d7 25. Nc5 Nf3+ 26. Rxf3 Qxc5+ 27. Kh1 Rd2 28. Raf1 h5 29. Rc3 Qf8 30. Rfc1 Kh7 31. Rc8 Rd1+ 32. Kh2 Qd6+ 33. e5 1-0


[Site "https://www.chess.com"]

[Event "Titled Tuesday Blitz March 28 Late 2023"]
[White "Skibbe, Willi"]
[Black "Lewtak, Damian"]
[WhiteFideId "4682190"]
[BlackFideId "1141724"]
[WhiteElo "2322"]
[BlackElo "2302"]
[Result "0-1"]
[Round "02"]
[TimeControl "180+2"]
[Date "2023.03.28"]
[WhiteClock "0:00:07"]
[BlackClock "0:00:34"]

1. d4 g6 2. c4 Bg7 3. e4 d6 4. Nc3 e5 5. dxe5 dxe5 6. Qxd8+ Kxd8 7. f4 Nc6 8. Be3 exf4 9. Bxf4 Bh6 10. O-O-O+ Bd7 11. g3 Kc8 12. Bh3 Bxf4+ 13. gxf4 Nf6 14. e5 Bxh3 15. Nxh3 Ng4 16. Ne4 h6 17. b3 a5 18. Rd3 a4 19. Kb2 axb3 20. axb3 Nb4 21. Rg3 h5 22. Nhg5 b6 23. h3 Ra2+ 24. Kb1 Nh6 25. Rd1 Kb7 26. Rd7 Rha8 27. Nxf7 Nxf7 28. Rxf7 Rh2 29. e6 Raa2 30. e7 Rab2+ 31. Kc1 Na2+ 0-1


[Site "https://www.chess.com"]

[Event "Titled Tuesday Blitz March 28 Late 2023"]
[White "K2JW"]
[Black "Skvortsov, Andrei"]
[BlackFideId "24108600"]
[WhiteElo "2313"]
[BlackElo "2259"]
[Result "0-1"]
[Round "02"]
[TimeControl "180+2"]
[Date "2023.03.28"]
[WhiteClock "0:00:08"]
[BlackClock "0:00:06"]

1. d4 d5 2. c4 dxc4 3. e3 Nf6 4. Bxc4 e6 5. Bd3 a6 6. Nf3 c5 7. dxc5 Bxc5 8. O-O O-O 9. a3 Nc6 10. b4 Be7 11. Bb2 h6 12. Qe2 Qc7 13. Nbd2 Rd8 14. Rfd1 Bd7 15. Rac1 Be8 16. Nc4 b5 17. Nce5 Qb7 18. Bb1 Rac8 19. Rxd8 Bxd8 20. Nd3 Be7 21. Nc5 Qa8 22. Ba2 Nd8 23. Bd4 a5 24. Ne5 axb4 25. axb4 Nc6 26. Nxc6 Qxc6 27. Bb2 Qa8 28. Bb3 Bc6 29. f3 Bd5 30. Ra1 Qc6 31. Ra6 Qc7 32. Bxf6 Bxc5 33. Bxd5 Bxe3+ 34. Qxe3 gxf6 35. Be4 f5 36. Bd3 Qc3 37. Kf2 Rd8 38. Bxb5 Qxb4 39. Be2 Qb2 40. Rc6 Rd2 41. Rc8+ Kg7 42. Qc3+ Qxc3 43. Rxc3 Ra2 44. Re3 Ra5 45. g3 Kf6 46. f4 Kg7 47. Kf3 Kf6 48. Re5 Ra7 49. Re3 Rc7 50. Rc3 Rxc3+ 0-1


[Site "https://www.chess.com"]